 Dungeon Crawl Stone Soup version 0.27-a0-836-gfc908b8576 (webtiles) character file.

Game seed: 8254886209399900705

5506 dickylongcocking the Fighter (level 10, -2/81 HPs)
             Began as a Djinni Fire Elementalist on Apr 1, 2021.
             Was an Initiate of Makhleb.
             Slain by a killer bee (7 damage)
             ... on level 8 of the Dungeon.
             The game lasted 00:09:05 (13304 turns).

dickylongcocking the Fighter (DjFE)                Turns: 13304, Time: 00:09:05

Health: -2/81      AC:  7    Str:  7    XL:     10   Next: 70%
Gold:   510        EV: 12    Int: 21    God:    Makhleb [......] SH:  0 Dex: 13

rFire    + + .     SeeInvis .   f - +2 short sword (protect)
rCold    x . .     Faith    .   (no shield)
rNeg     . . .     Spirit   .   r - +1 robe "Tuano" {Will++}
rPois    ∞         Reflect  .   x - +0 helmet
rElec    .         Harm     .   i - +1 cloak
rCorr    .         Rampage  .   j - +0 pair of gloves
Will     +....                  (boots unavailable)
Stlth    ++........             (no amulet)
HPRegen  0.23/turn              (no ring)
MPRegen  0.00/turn              (no ring)

@: weak-willed, flying, hasted, very quick
A: fire resistance 2, cold vulnerability 1, float, innate caster, hp casting,
extra vitality 1
a: Renounce Religion


You were on level 8 of the Dungeon.
You worshipped Makhleb.
Makhleb was noncommittal.
You visited 2 branches of the dungeon, and saw 9 of its levels.

You collected 510 gold pieces.

Inventory:

Hand Weapons
 c - a +0 short sword
 e - a +0 dagger of draining
 f - a +2 short sword of protection (weapon)
 o - a +3 dagger of speed
 u - a +0 falchion
Armour
 a - a +0 robe
 d - a +0 cloak
 i - a +1 cloak (worn)
 j - a +0 pair of gloves (worn)
 r - the +1 robe "Tuano" (worn) {Will++}
   (You found it on level 5 of the Dungeon)

   It greatly increases your willpower.
 x - a +0 helmet (worn)
Jewellery
 y - a +6 ring of intelligence
 B - a ring of willpower
Wands
 l - a wand of mindburst (9)
 t - a wand of paralysis (6)
Scrolls
 k - a scroll of magic mapping {unknown}
 m - 4 scrolls of identify
 q - a scroll of vulnerability
 s - a scroll of enchant weapon {unknown}
 v - a scroll of torment {unknown}
 C - a scroll of teleportation {unknown}
 D - a scroll of enchant armour {unknown}
Potions
 b - 3 potions of flight {unknown}
 g - 2 potions of curing
 h - a potion of cancellation {unknown}
 n - 2 potions of mutation
 w - a potion of attraction {unknown}
 A - a potion of might {unknown}


   Skills:
 * Level 10.9 Fighting
 - Level 2.1 Dodging
 - Level 1.5 Stealth
 * Level 9.7 Spellcasting


You had 3 spell levels left.
You knew the following spells:

 Your Spells              Type           Power      Damage    Failure   Level
a - Foxfire               Conj/Fire      100%       2x1d9     1%          1
b - Conjure Flame         Conj/Fire      50%        6-21      1%          3
c - Inner Flame           Hex/Fire       50%        N/A       1%          3
d - Sticky Flame          Conj/Fire      50%        2d7       1%          4
e - Fireball              Conj/Fire      25%        3d11      3%          5
f - Summon Small Mammal   Summ           100%       N/A       1%          1
g - Wereblood             Tmut           50%        N/A       1%          2
h - Lesser Beckoning      Tloc           25%        N/A       1%          3
i - Stone Arrow           Conj/Erth      100%       3d13      1%          3
Your spell library was empty.

Dungeon Overview and Level Annotations

Branches:
Dungeon (8/15)             Temple (1/1) D:7            Lair (0/6) D:8

Altars:
Ashenzari
Cheibriados
Dithmenos
Hepliaklqana
Makhleb
Okawaru
Qazlal
Trog
Uskayaw
Vehumet
Xom
The Shining One

Annotations:
D:8 1 runed translucent door, Drazool's ghost, novice TrHu


Innate Abilities, Weirdness & Mutations

You are immune to poison.
Your flesh is very heat resistant. (rF++)
You are vulnerable to cold. (rC-)
You float through the air rather than walking.
You learn spells naturally, not from books.
Your magical power is your life essence.
You have superior vitality. (+4 HP)


Message History

* * * LOW HITPOINT WARNING * * *
The killer bee closely misses you. The killer bee stings you.
* * * LOW HITPOINT WARNING * * *
The killer bee closely misses you. x2
Unknown command.
The killer bee stings you.
* * * LOW HITPOINT WARNING * * *
Okay, then.
Okay, then.
You feel yourself speed up. The killer bee stings you!
* * * LOW HITPOINT WARNING * * *
The killer bee barely misses you.
Unknown command.
Unknown command.
The killer bee misses you.
Unknown command.
Unknown command.
The killer bee stings you.
* * * LOW HITPOINT WARNING * * *
Unknown command.
The killer bee completely misses you.
Okay, then.
Okay, then.
You feel better. The killer bee barely misses you.
You see here a sapphire potion.
As you read the scroll labelled QUHEETWEIDI, it crumbles to dust.
It is a scroll of identify.
n - 2 potions of mutation The killer bee misses you.
The killer bee stings you.
* * * LOW HITPOINT WARNING * * *
Unknown command.
The killer bee barely misses you.
Okay, then.
As you read the scroll labelled WIMMUNK VETT, it crumbles to dust.
Magic quickly surges around you.
It was a scroll of vulnerability.
The killer bee stings you!
* * * LOW HITPOINT WARNING * * *
Unknown command.
The killer bee stings you!
You die...

#yy#.##..## #.....
##.#..>##..####.##..
####.##...###......##..
#...###....##......##..
###.##.....#.......[...
#..........######....
###y......## .##.
##yy....# .(###
#@.....# ##
#............####..
######..##....... .###.
.............#....
##........#...#...
##.... .##.....
##.......# #...###
.....#..###....[.
#..###...[......


You could see 3 killer bees.

Vanquished Creatures
  Harold (D:7)
  Pikel (D:5)
  A troll (D:8)
  Grinder (D:4)
  5 yaks (D:8)
  4 wyverns
  A basilisk (D:8)
  Edmund (D:5)
  3 water moccasins (D:8)
  Duvessa (D:5)
  2 necrophages
  A centaur (D:7)
  A kobold brigand (D:8)
  3 lemures (D:5)
  4 bullfrogs
  5 scorpions
  A wyvern zombie (D:8)
  Dowan (D:5)
  2 killer bees (D:8)
  4 hounds
  A centaur zombie (D:5)
  2 centaur skeletons
  A gnoll shaman (D:7)
  2 orc priests (D:5)
  Crazy Yiuf (D:2)
  A scorpion zombie (D:5)
  Terence (D:2)
  An iguana (D:4)
  Ijyb (D:4)
  Natasha (thrice) (D:2)
  2 orc wizards
  A killer bee zombie (D:7)
  A hound skeleton (D:4)
  12 gnolls
  3 adders
  A howler monkey skeleton (D:7)
  A shadow imp (D:7)
  A white imp (D:3)
  2 worms
  3 dart slugs
  16 orcs
  8 endoplasms
  5 giant cockroaches
  6 goblins
  6 hobgoblins
  14 jackals
  9 kobolds
  4 quokkas
  7 ball pythons
  9 bats
  A frilled lizard (D:1)
  7 rats
176 creatures vanquished.

Vanquished Creatures (others)
  318 foxfires
  3 fungi (D:8)
  20 plants (D:8)
341 creatures vanquished.

Grand Total: 517 creatures vanquished

Notes
Turn   | Place    | Note
-------+----------+-------------------------------------------
     0 | D:1      | dickylongcocking the Djinni Fire Elementalist began the
                  | quest for the Orb.
     0 | D:1      | Reached XP level 1. HP: 15/15 MP: 0/0
   417 | D:1      | Reached XP level 2. HP: 17/22 MP: 0/0
   418 | D:1      | Reached skill level 1 in Fighting
  1213 | D:1      | Reached XP level 3. HP: 21/27 MP: 0/0
  1213 | D:1      | Learned a level 1 spell: Summon Small Mammal
  2240 | D:2      | Reached skill level 2 in Fighting
  2357 | D:2      | Noticed Terence
  2378 | D:2      | Killed Terence
  2379 | D:2      | Reached XP level 4. HP: 34/34 MP: 0/0
  3097 | D:2      | Found a runed translucent door.
  3098 | D:2      | Noticed Crazy Yiuf
  3626 | D:2      | Noticed Natasha
  3633 | D:2      | Killed Natasha
  3634 | D:2      | Reached skill level 3 in Fighting
  3634 | D:2      | Reached XP level 5. HP: 38/40 MP: 0/0
  3634 | D:2      | Learned a level 2 spell: Wereblood
  3731 | D:2      | Noticed Natasha
  3740 | D:2      | Killed Natasha
  4511 | D:2      | Noticed Natasha
  4518 | D:2      | Killed Natasha
  4550 | D:2      | Killed Crazy Yiuf
  4551 | D:2      | Reached XP level 6. HP: 43/47 MP: 0/0
  4788 | D:3      | Reached skill level 4 in Fighting
  5130 | D:3      | Found a shadowy altar of Dithmenos.
  5134 | D:3      | Found a shimmering altar of Xom.
  5134 | D:3      | Found a stormy altar of Qazlal.
  5134 | D:3      | Found a glowing golden altar of the Shining One.
  5134 | D:3      | Found a hazy altar of Hepliaklqana.
  5139 | D:3      | Found a bloodstained altar of Trog.
  5632 | D:4      | Noticed Ijyb
  5645 | D:4      | Killed Ijyb
  6015 | D:4      | Noticed a necrophage
  6026 | D:4      | Killed a necrophage
  6027 | D:4      | Reached skill level 5 in Spellcasting
  6027 | D:4      | Reached XP level 7. HP: 40/53 MP: 0/0
  6027 | D:4      | Learned a level 3 spell: Lesser Beckoning
  6218 | D:4      | Reached skill level 5 in Fighting
  6552 | D:4      | Noticed Grinder
  6566 | D:4      | Killed Grinder
  6827 | D:5      | Entered Level 5 of the Dungeon
  6846 | D:5      | Found a broken altar of Ashenzari.
  6848 | D:5      | Noticed Duvessa
  6848 | D:5      | Noticed Dowan
  6855 | D:5      | Killed Duvessa
  6856 | D:5      | Reached skill level 6 in Fighting
  6856 | D:5      | Reached XP level 8. HP: 39/61 MP: 0/0
  6859 | D:5      | Killed Dowan
  7238 | D:5      | Identified the +1 robe "Tuano" {Will++}
  7821 | D:5      | Noticed Edmund
  7835 | D:5      | Killed Edmund
  7836 | D:5      | Reached skill level 7 in Fighting
  7904 | D:5      | Noticed Pikel
  7917 | D:5      | Killed Pikel
  7918 | D:5      | Reached skill level 8 in Fighting
  7918 | D:5      | Reached XP level 9. HP: 28/70 MP: 0/0
  7918 | D:5      | Learned a level 3 spell: Stone Arrow
  8637 | D:6      | Found a glowing golden altar of the Shining One.
  9731 | D:7      | Found a staircase to the Ecumenical Temple.
  9876 | D:7      | Noticed Harold
  9883 | D:7      | Killed Harold
  9884 | D:7      | Reached skill level 9 in Fighting
 10437 | D:7      | Reached XP level 10. HP: 75/79 MP: 0/0
 10676 | D:7      | Found an iron altar of Okawaru.
 11166 | Temple   | Entered the Ecumenical Temple
 11198 | Temple   | Became a worshipper of Makhleb the Destroyer
 11281 | D:8      | Reached skill level 10 in Fighting
 12463 | D:8      | Found a runed translucent door.
 12465 | D:8      | Noticed Drazool's ghost (novice TrHu)
 12844 | D:8      | Found a staircase to the Lair.
 13302 | D:8      | HP: 4/81 [killer bee (8)]
 13304 | D:8      | Slain by a killer bee

Illustrated notes

Levels and vault maps discovered:
D:1:      nzn_arrival_settlement, layout_basic, ebering_dispersal_statue_hall,
          wander_ebering_terrifying_dragon_lair
D:2:      minmay_recursive_quarters, layout_basic, minmay_pentomino_r4,
          uniq_terence, uniq_natasha, uniq_crazy_yiuf_cottage
D:3:      layout_rooms, minitemple
D:4:      layout_loops_ring, uniq_ijyb, uniq_grinder
D:5:      layout_basic, cheibrodos_ashenzari_chains, uniq_duvessa, uniq_edmund,
          uniq_pikel
D:6:      layout_layer_cave, basic_altar
D:7:      layout_loops_ring, minmay_temple_entry_metal_lava, amethyst_killhole,
          okawaru_metal_pillars_3, uniq_harold
D:8:      layout_layer_cave, minmay_lair_entry_grove,
          ebering_ghost_reflecting_pool
Temple:   nicolae_temple_elliptical

Skill      XL: |  1  2  3  4  5  6  7  8  9 10 |
---------------+-------------------------------+-----
Fighting       | 1 2 3 4 6 8 9 10 | 10.9
Spellcasting   | 3 4 5 7 8 9 |  9.7
Dodging        | |  2.1
Stealth        | |  1.5

Action                   |  1- 3 |  4- 6 |  7- 9 | 10-12 || total
-------------------------+-------+-------+-------+-------++-------
Melee: Unarmed           |    30 |       |       |       ||    30
       Short sword       |     6 |    90 |    68 |    15 ||   179
       Dagger            |       |     9 |    14 |       ||    23
 Cast: Foxfire           |    63 |    96 |    38 |    12 ||   209
       Sticky Flame      |       |     4 |    24 |    11 ||    39
       Inner Flame       |       |       |     7 |    11 ||    18
       Fireball          |       |       |    22 |    11 ||    33
       Stone Arrow       |       |       |       |     1 ||     1
  Use: Potion            |     1 |       |       |     3 ||     4
       Scroll            |       |       |       |     2 ||     2
 Stab: Sleeping          |     2 |     3 |     2 |       ||     7
Armor: Robe              |     9 |    53 |    46 |     7 ||   115
       Skin              |     7 |       |       |       ||     7
Dodge: Dodged            |    49 |   113 |    71 |    30 ||   263

Table legend: (Time is in decaauts)
 A = Elapsed time spent in this place.
 B = Non-inter-level travel time spent in this place.
 C = Inter-level travel time spent in this place.
 D = Time resting spent in this place.
 E = Time spent auto-exploring this place.
 F = Levels seen in this place.
 G = Mean time per level.
                   A        B        C        D        E       F      G
               +--------+--------+--------+--------+--------+-----+--------+
         Total |  13308 |  12993 |    315 |   2270 |   9504 |   9 | 1478.7 |
       Dungeon |  13270 |  12962 |    308 |   2270 |   9490 |   8 | 1658.8 |
        Temple |     38 |     32 |      6 |      0 |     14 |   1 |   38.0 |
               +--------+--------+--------+--------+--------+-----+--------+

Top non-repeatable levels by time:
     D:1: 2779 daAuts
     D:7: 1947 daAuts
     D:2: 1826 daAuts
     D:8: 1637 daAuts
     D:4: 1476 daAuts
     D:5: 1474 daAuts
     D:6: 1373 daAuts
     D:3: 755 daAuts
  Temple: 38 daAuts
